EDMONTON vs VANCOUVER

Created - April-06-21 at 18:22

Goals
1 2 3 OT1 T
EDMONTON 0 2 1 0 3
VANCOUVER 1 1 1 1 4
Shots
1 2 3 OT1 T
EDMONTON 5 13 7 1 26
VANCOUVER 6 8 6 1 21

1st period

1. VANCOUVER , Sheldon Dries 3 (Ryan Ellis 32, Erik Johnson 19) at 17:47

Penalties :
Luca Sbisa (VAN) for Hooking (Minor) at 2:31, Justin Holl (EDM) for High sticking (Minor) at 10:45

2nd period

2. VANCOUVER , Jonathan Huberdeau 19 (Mark Stone 21, Nazem Kadri 13) at 0:34
3. EDMONTON , Craig Smith 10 (David Perron 22, Kyle Palmieri 24) at 5:27 (PP)
4. EDMONTON , Jakub Voracek 11 (Anze Kopitar 22, Jason Demers 20) at 15:16

Penalties :
Zach Parise (VAN) for High sticking (Minor) at 5:13, Nick Schmaltz (VAN) for Hooking (Minor) at 7:48

3rd period

5. VANCOUVER , Nazem Kadri 7 (Jonathan Huberdeau 17, Mark Stone 22) at 4:14 (PP)
6. EDMONTON , David Perron 22 (Craig Smith 17) at 8:23 (PP)

Penalties :
Ryan Ellis (VAN) for High sticking (Minor) at 0:21, Barclay Goodrow (EDM) for Charging (Minor) at 4:00, Luca Sbisa (VAN) for High sticking (Minor) at 8:15

Overtime #1

7. VANCOUVER , Sheldon Dries 4 (Luca Sbisa 7) at 1:41

Penalties :
No Penalty

Goalie Stats

Darcy Kuemper (EDM), 17 saves from 21 shots - (0.810), OTL, 27-15-4, 61:42 minutes
Petr Mrazek (VAN), 23 saves from 26 shots - (0.885), W, 19-23-4, 61:42 minutes

Players Stats for EDMONTON

Player Name              G  A  P  +/- PIM S  H  SB GA TA FO     MP     PP MP  PK MP  
------------------------------------------------------------------------------------
Anze Kopitar             0  1  1   0  0   2  1  0  0  0  17/28  23:12   3:12   1:00 
Barclay Goodrow          0  0  0  -1  2   2  3  0  0  0  1/1    11:54   0:00   0:00 
Bryan Rust               0  0  0   0  0   1  3  0  0  0  1/1    21:26   3:12   0:25 
Colin Miller             0  0  0  -1  0   0  2  0  0  0  0/0    15:30   0:00   0:00 
Colin Wilson             0  0  0   0  0   0  0  0  0  0  1/1     6:55   0:00   0:00 
Craig Smith              1  1  2  -1  0   3  0  0  0  0  8/14   15:02   3:07   0:00 
Darren Helm              0  0  0  -1  0   2  0  0  0  0  1/2    14:01   0:00   0:55 
David Perron             1  1  2  -1  0   4  0  0  0  0  0/3    19:37   3:07   1:10 
Derek Forbort            0  0  0  -1  0   0  1  3  0  0  0/0    20:51   2:27   0:49 
Jakub Voracek            1  0  1   0  0   3  2  0  0  0  0/1    21:57   3:12   0:56 
Jason Demers             0  1  1   0  0   0  3  0  0  0  0/0    24:10   3:52   1:24 
Josh Archibald           0  0  0   0  0   2  1  1  0  0  0/0     6:55   0:00   0:00 
Justin Holl              0  0  0   0  2   0  1  0  0  0  0/0    14:58   0:00   0:00 
Kyle Palmieri            0  1  1   0  0   1  1  1  0  0  2/2    17:56   3:07   0:00 
Mathieu Perreault        0  0  0  -1  0   0  0  0  0  0  2/7     7:26   0:00   0:00 
Matt Roy                 0  0  0  -1  0   0  1  1  0  0  0/0    22:02   2:27   0:49 
Travis Hamonic           0  0  0   0  0   1  1  3  0  0  0/0    24:10   3:52   1:24 
Tyler Johnson            0  0  0   0  0   5  0  0  0  0  7/13   14:49   0:00   0:00 

Players Stats for VANCOUVER

Player Name              G  A  P  +/- PIM S  H  SB GA TA FO     MP     PP MP  PK MP  
------------------------------------------------------------------------------------
Alex Steen               0  0  0   0  0   1  0  0  0  0  1/4     5:44   0:00   0:50 
Erik Johnson             0  1  1   1  0   2  1  0  0  0  0/0    26:52   1:36   3:45 
Hampus Lindholm          0  0  0   0  0   1  3  0  0  0  0/0    21:40   0:37   2:49 
Jakub Vrana              0  0  0   0  0   0  0  0  0  0  1/1    14:52   0:00   0:00 
Jonathan Huberdeau       1  1  2   1  0   1  1  0  0  0  0/2    21:55   1:20   3:56 
Luca Sbisa               0  1  1   1  4   0  2  0  0  0  0/0    17:10   0:00   1:16 
Mark Stone               0  2  2   1  0   1  0  0  0  0  3/12   24:03   1:20   3:56 
Melker Karlsson          0  0  0   0  0   1  0  1  0  0  0/0    14:37   0:00   0:00 
Nazem Kadri              1  1  2   1  0   3  1  0  0  0  6/14   17:59   1:20   0:00 
Nick Schmaltz            0  0  0   0  2   2  0  0  0  0  10/22  19:18   0:53   0:00 
Nikolaj Ehlers           0  0  0   0  0   2  2  0  0  0  0/0    19:33   0:53   1:33 
Ryan Ellis               0  1  1   1  2   0  0  0  0  0  0/0    22:15   1:36   2:14 
Sami Vatanen             0  0  0   0  0   1  0  1  0  0  0/0    14:46   0:37   2:25 
Sheldon Dries            2  0  2   1  0   5  2  0  0  0  8/14   15:00   0:00   0:00 
TJ Brodie                0  0  0   0  0   0  0  1  0  0  0/0    17:53   0:00   0:09 
Trevor Moore             0  0  0   0  0   0  0  0  0  0  0/0     1:15   0:00   0:00 
Troy Brouwer             0  0  0   1  0   0  0  0  0  0  0/0     4:18   0:00   0:50 
Zach Parise              0  0  0   0  2   1  1  0  0  0  4/4    19:32   0:53   1:33 

3 Stars

1 - Sheldon Dries (VAN)
2 - Jonathan Huberdeau (VAN)
3 - Nazem Kadri (VAN)

Power Play

EDMONTON - 2 on 5 Attempt(s) - 40.00%
VANCOUVER - 1 on 2 Attempt(s) - 50.00%

Penalty Kill

EDMONTON - 1 on 2 Attempt(s) - 50.00% - Score 0 goal in Penalty Kill
VANCOUVER - 3 on 5 Attempt(s) - 60.00% - Score 0 goal in Penalty Kill

Team Stat

EDMONTON - Hits : 20 - Faceoff Wins : 40 - Blocked Shots : 9 - Penalty Minutes : 4
VANCOUVER - Hits : 13 - Faceoff Wins : 33 - Blocked Shots : 3 - Penalty Minutes : 10

Official

Referees : Kyle Newell and Michael Markovic
Linesman : Ian Bussieres and Robbie Nostic

Game Notes

Sami Vatanen is injured at 1:16 of 3rd period (Strained Left Elbow)

Finance

Level 1 -- Attendance: 5755 (95.92%) -- Ticket Income $494,930
Level 2 -- Attendance: 4372 (87.44%) -- Ticket Income $244,832
Level 3 -- Attendance: 1959 (97.95%) -- Ticket Income $62,688
Level 4 -- Attendance: 4000 (100.00%) -- Ticket Income $76,000
Luxury Box -- Attendance: 869 (86.90%) -- Ticket Income $158,158
Game was played at the Rogers Arena.
Total Attendance: 16955 (94.19%)
Total Ticket Income: $1,036,608
Total Income: $1,036,608

EDMONTON

5 vs 5 Forward 
   Center                   Left Wing                Right Wing               Time % Phy DF OF 
 1 Anze Kopitar             Jakub Voracek            Bryan Rust               35     1   2  2  
 2 Tyler Johnson            David Perron             Kyle Palmieri            30     1   2  2  
 3 Craig Smith              Darren Helm              Barclay Goodrow          25     1   2  2  
 4 Mathieu Perreault        Colin Wilson             Josh Archibald           10     1   2  2  

5 vs 5 Defense 
   Defense                  Defense                                           Time % Phy DF OF 
 1 Travis Hamonic           Jason Demers                                      35     1   2  2  
 2 Derek Forbort            Matt Roy                                          30     1   2  2  
 3 Colin Miller             Justin Holl                                       25     1   2  2  
 4 Travis Hamonic           Jason Demers                                      10     1   2  2  

PowerPlay Forward 
   Center                   Left Wing                Right Wing               Time % Phy DF OF 
 1 Anze Kopitar             Jakub Voracek            Bryan Rust               60     1   2  2  
 2 Craig Smith              David Perron             Kyle Palmieri            40     1   2  2  

PowerPlay Defense
   Defense                  Defense                                           Time % Phy DF OF 
 1 Travis Hamonic           Jason Demers                                      60     1   2  2  
 2 Derek Forbort            Matt Roy                                          40     1   2  2  

Penalty Kill 4 Players Forward 
   Center                   Wing                     Time % Phy DF OF 
 1 Anze Kopitar             Jakub Voracek            60     1   2  2  
 2 David Perron             Bryan Rust               40     1   2  2  

Penalty Kill 4 Players Defense
   Defense                  Defense                  Time % Phy DF OF 
 1 Travis Hamonic           Jason Demers             60     1   2  2  
 2 Derek Forbort            Matt Roy                 40     1   2  2  

Penalty Kill - 3 Players Forward 
   Forward                                           Time % Phy DF OF 
 1 Anze Kopitar                                      60     1   2  2  
 2 Jakub Voracek                                     40     1   2  2  

Penalty Kill - 3 Players Defense
   Defense                  Defense                  Time % Phy DF OF 
 1 Travis Hamonic           Jason Demers             60     1   2  2  
 2 Derek Forbort            Matt Roy                 40     1   2  2  

4 vs 4 Forward 
   Center                   Wing                     Time % Phy DF OF 
 1 Anze Kopitar             Jakub Voracek            60     1   2  2  
 2 David Perron             Bryan Rust               40     1   2  2  

4 vs 4 Defense
   Defense                  Defense                  Time % Phy DF OF 
 1 Travis Hamonic           Jason Demers             60     1   2  2  
 2 Derek Forbort            Matt Roy                 40     1   2  2  

Last Minutes Offensive
   Center                   Left Wing                Right Wing               Defense                  Defense                  
   Anze Kopitar             Jakub Voracek            Bryan Rust               Travis Hamonic           Jason Demers             

Last Minutes Defensive
   Center                   Left Wing                Right Wing               Defense                  Defense                  
   Anze Kopitar             Jakub Voracek            Bryan Rust               Travis Hamonic           Jason Demers             

Goaltenders
Starting : Darcy Kuemper            
Backup : Aaron Dell               

Extra Forwards
Normal : Tyler Johnson, Barclay Goodrow, Darren Helm - PP : Tyler Johnson, Barclay Goodrow - PK : Darren Helm
Extra Defensemen
Normal : Colin Miller, Justin Holl, Derek Forbort - PP : Colin Miller - PK : Justin Holl, Derek Forbort
Penalty Shots
Anze Kopitar, Jakub Voracek, David Perron, Bryan Rust, Kyle Palmieri

Scratches
EDM Cap Hit (Suspend)

VANCOUVER

5 vs 5 Forward 
   Center                   Left Wing                Right Wing               Time % Phy DF OF 
 1 Nazem Kadri              Jonathan Huberdeau       Mark Stone               35     1   2  2  
 2 Nick Schmaltz            Zach Parise              Nikolaj Ehlers           30     1   2  2  
 3 Sheldon Dries            Jakub Vrana              Melker Karlsson          25     1   2  2  
 4 Mark Stone               Alex Steen               Troy Brouwer             10     1   2  2  

5 vs 5 Defense 
   Defense                  Defense                                           Time % Phy DF OF 
 1 Ryan Ellis               Erik Johnson                                      35     1   2  2  
 2 Hampus Lindholm          Sami Vatanen                                      30     1   2  2  
 3 TJ Brodie                Luca Sbisa                                        25     1   2  2  
 4 Ryan Ellis               Erik Johnson                                      10     1   2  2  

PowerPlay Forward 
   Center                   Left Wing                Right Wing               Time % Phy DF OF 
 1 Nazem Kadri              Jonathan Huberdeau       Mark Stone               60     1   2  2  
 2 Nick Schmaltz            Zach Parise              Nikolaj Ehlers           40     1   2  2  

PowerPlay Defense
   Defense                  Defense                                           Time % Phy DF OF 
 1 Ryan Ellis               Erik Johnson                                      60     1   2  2  
 2 Hampus Lindholm          Sami Vatanen                                      40     1   2  2  

Penalty Kill 4 Players Forward 
   Center                   Wing                     Time % Phy DF OF 
 1 Mark Stone               Jonathan Huberdeau       60     1   2  2  
 2 Zach Parise              Nikolaj Ehlers           40     1   2  2  

Penalty Kill 4 Players Defense
   Defense                  Defense                  Time % Phy DF OF 
 1 Ryan Ellis               Erik Johnson             60     1   2  2  
 2 Hampus Lindholm          Sami Vatanen             40     1   2  2  

Penalty Kill - 3 Players Forward 
   Forward                                           Time % Phy DF OF 
 1 Mark Stone                                        60     1   2  2  
 2 Jonathan Huberdeau                                40     1   2  2  

Penalty Kill - 3 Players Defense
   Defense                  Defense                  Time % Phy DF OF 
 1 Ryan Ellis               Erik Johnson             60     1   2  2  
 2 Hampus Lindholm          Sami Vatanen             40     1   2  2  

4 vs 4 Forward 
   Center                   Wing                     Time % Phy DF OF 
 1 Mark Stone               Jonathan Huberdeau       60     1   2  2  
 2 Zach Parise              Nikolaj Ehlers           40     1   2  2  

4 vs 4 Defense
   Defense                  Defense                  Time % Phy DF OF 
 1 Ryan Ellis               Erik Johnson             60     1   2  2  
 2 Hampus Lindholm          Sami Vatanen             40     1   2  2  

Last Minutes Offensive
   Center                   Left Wing                Right Wing               Defense                  Defense                  
   Nazem Kadri              Jonathan Huberdeau       Mark Stone               Ryan Ellis               Erik Johnson             

Last Minutes Defensive
   Center                   Left Wing                Right Wing               Defense                  Defense                  
   Nazem Kadri              Jonathan Huberdeau       Mark Stone               Ryan Ellis               Erik Johnson             

Goaltenders
Starting : Petr Mrazek              
Backup : Hunter Miska             

Extra Forwards
Normal : Trevor Moore, Jakub Vrana, Alex Steen - PP : Trevor Moore, Jakub Vrana - PK : Alex Steen
Extra Defensemen
Normal : TJ Brodie, Luca Sbisa, Hampus Lindholm - PP : TJ Brodie - PK : Luca Sbisa, Hampus Lindholm
Penalty Shots
Mark Stone, Jonathan Huberdeau, Zach Parise, Nikolaj Ehlers, Jakub Vrana

Scratches
None


% Time on Ice - EDMONTON

Lines # - Real PCT - Wanted PCT - Time Play
Normal Forward
1 - 35% - 35% - 17:49
2 - 29% - 30% - 14:49
3 - 23% - 25% - 11:55
4 - 13% - 10% - 6:55
Normal Defense
1 - 31% - 35% - 15:52
2 - 34% - 30% - 17:35
3 - 29% - 25% - 14:59
4 - 6% - 10% - 3:02
PP Forward
1 - 51% - 60% - 3:12
2 - 49% - 40% - 3:07
PP Defense
1 - 61% - 60% - 3:52
2 - 39% - 40% - 2:27
PK Forward
1 - 83% - 60% - 1:51
2 - 17% - 40% - 0:22
PK Defense
1 - 63% - 60% - 1:24
2 - 37% - 40% - 0:49
PK3 Forward
1 - 0% - 60%
2 - 0% - 40%
PK3 Defense
1 - 0% - 60%
2 - 0% - 40%
44 Forward
1 - 0% - 60%
2 - 0% - 40%
44 Defense
1 - 0% - 60%
2 - 0% - 40%
Last Minute Offensive  - 0:00
Last Minute Defensive  - 0:00
Total
Forward - 60:00
Defense - 60:00

% Time on Ice - VANCOUVER

Lines # - Real PCT - Wanted PCT - Time Play
Normal Forward
1 - 32% - 35% - 16:39
2 - 33% - 30% - 17:07
3 - 28% - 25% - 14:37
4 - 6% - 10% - 3:05
Normal Defense
1 - 31% - 35% - 16:11
2 - 38% - 30% - 19:29
3 - 27% - 25% - 13:52
4 - 4% - 10% - 1:56
PP Forward
1 - 60% - 60% - 1:20
2 - 40% - 40% - 0:53
PP Defense
1 - 72% - 60% - 1:36
2 - 28% - 40% - 0:37
PK Forward
1 - 73% - 60% - 4:36
2 - 27% - 40% - 1:43
PK Defense
1 - 55% - 60% - 3:30
2 - 45% - 40% - 2:49
PK3 Forward
1 - 0% - 60%
2 - 0% - 40%
PK3 Defense
1 - 0% - 60%
2 - 0% - 40%
44 Forward
1 - 0% - 60%
2 - 0% - 40%
44 Defense
1 - 0% - 60%
2 - 0% - 40%
Last Minute Offensive  - 0:00
Last Minute Defensive  - 0:00
Total
Forward - 60:00
Defense - 60:00

Play-by-Play

1st period


0:01 of 1st period - Nazem Kadri wins face-off versus Anze Kopitar in neutral zone.
2:30 of 1st period - Shot by Darren Helm.
2:30 of 1st period - Shot Misses the Net.
2:31 of 1st period - Minor Penalty to Luca Sbisa for Hooking.
2:32 of 1st period - Mark Stone wins face-off versus Anze Kopitar in VANCOUVER zone.
3:30 of 1st period - Shot by Craig Smith.
3:30 of 1st period - Deflect By Kyle Palmieri.
3:30 of 1st period - Shot Misses the Net.
3:44 of 1st period - Shot by Craig Smith.
3:44 of 1st period - Stopped by Petr Mrazek without a rebound.
3:45 of 1st period - Anze Kopitar wins face-off versus Alex Steen in VANCOUVER zone.
6:57 of 1st period - Tyler Johnson is hit by Hampus Lindholm and loses puck.
7:11 of 1st period - Sami Vatanen is hit by Jason Demers and loses puck.
8:19 of 1st period - Ryan Ellis is hit by Jakub Voracek and loses puck.
8:37 of 1st period - Shot by Josh Archibald.
8:37 of 1st period - Shot Misses the Net.
8:40 of 1st period - Icing by Ryan Ellis.
8:41 of 1st period - Craig Smith wins face-off versus Sheldon Dries in VANCOUVER zone.
8:42 of 1st period - Shot by Barclay Goodrow.
8:42 of 1st period - Shot Misses the Net.
9:02 of 1st period - Shot by Mark Stone.
9:02 of 1st period - Stopped by Darcy Kuemper without a rebound.
9:03 of 1st period - Zach Parise wins face-off versus Mathieu Perreault in EDMONTON zone.
9:44 of 1st period - Shot by David Perron.
9:44 of 1st period - Stopped by Petr Mrazek without a rebound.
9:45 of 1st period - Anze Kopitar wins face-off versus Nazem Kadri in VANCOUVER zone.
10:02 of 1st period - Shot by Jakub Voracek.
10:02 of 1st period - Shot Misses the Net.
10:10 of 1st period - Sami Vatanen is hit by Bryan Rust and loses puck.
10:45 of 1st period - Minor Penalty to Justin Holl for High sticking.
10:46 of 1st period - Nick Schmaltz wins face-off versus Darren Helm in EDMONTON zone.
10:47 of 1st period - Shot by Erik Johnson.
10:47 of 1st period - Stopped by Darcy Kuemper without a rebound.
10:48 of 1st period - Anze Kopitar wins face-off versus Nick Schmaltz in EDMONTON zone.
10:57 of 1st period - Shot by Erik Johnson.
10:57 of 1st period - Shot Blocked by Travis Hamonic.
10:59 of 1st period - Shot by Erik Johnson.
10:59 of 1st period - Shot Misses the Net.
11:01 of 1st period - Shot by Ryan Ellis.
11:01 of 1st period - Shot Blocked by Travis Hamonic.
11:03 of 1st period - Shot by Nikolaj Ehlers.
11:03 of 1st period - Shot Misses the Net.
11:05 of 1st period - Shot by Erik Johnson.
11:05 of 1st period - Stopped by Darcy Kuemper with a rebound.
11:15 of 1st period - Shot by Nikolaj Ehlers.
11:15 of 1st period - Shot Misses the Net.
11:59 of 1st period - Shot by Jonathan Huberdeau.
11:59 of 1st period - Shot Misses the Net.
12:01 of 1st period - Shot by Hampus Lindholm.
12:01 of 1st period - Stopped by Darcy Kuemper without a rebound.
12:02 of 1st period - Nazem Kadri wins face-off versus David Perron in EDMONTON zone.
12:05 of 1st period - Shot by Jonathan Huberdeau.
12:05 of 1st period - Shot Blocked by Matt Roy.
12:23 of 1st period - Shot by Ryan Ellis.
12:23 of 1st period - Shot Misses the Net.
12:51 of 1st period - Shot by Nikolaj Ehlers.
12:51 of 1st period - Shot Misses the Net.
13:16 of 1st period - Josh Archibald is hit by Luca Sbisa and loses puck.
13:39 of 1st period - Shot by Zach Parise.
13:39 of 1st period - Shot Blocked by Josh Archibald.
15:09 of 1st period - Off-side.
15:10 of 1st period - Tyler Johnson wins face-off versus Nazem Kadri in neutral zone.
15:19 of 1st period - Shot by Tyler Johnson.
15:19 of 1st period - Stopped by Petr Mrazek with a rebound.
15:21 of 1st period - Shot by David Perron.
15:21 of 1st period - Stopped by Petr Mrazek without a rebound.
15:22 of 1st period - Tyler Johnson wins face-off versus Sheldon Dries in VANCOUVER zone.
15:39 of 1st period - Shot by Kyle Palmieri.
15:39 of 1st period - Stopped by Petr Mrazek with a rebound.
15:41 of 1st period - Shot by Jason Demers.
15:41 of 1st period - Shot Misses the Net.
16:09 of 1st period - Colin Miller is hit by Sheldon Dries and loses puck.
16:43 of 1st period - Nazem Kadri is hit by Colin Miller and loses puck.
16:55 of 1st period - Icing by Justin Holl.
16:56 of 1st period - Bryan Rust wins face-off versus Mark Stone in EDMONTON zone.
17:25 of 1st period - Alex Steen is hit by Barclay Goodrow and loses puck.
17:37 of 1st period - Icing by Matt Roy.
17:38 of 1st period - Sheldon Dries wins face-off versus Craig Smith in EDMONTON zone.
17:47 of 1st period - Shot by Sheldon Dries.
17:47 of 1st period - Goal by Sheldon Dries - EDMONTON : 0 - VANCOUVER : 1.
17:48 of 1st period - Tyler Johnson wins face-off versus Nick Schmaltz in neutral zone.
17:59 of 1st period - Shot by David Perron.
17:59 of 1st period - Shot Misses the Net.
18:48 of 1st period - Shot by Luca Sbisa.
18:48 of 1st period - Shot Blocked by Kyle Palmieri.
18:50 of 1st period - Shot by TJ Brodie.
18:50 of 1st period - Shot Misses the Net.
18:52 of 1st period - Shot by Jakub Vrana.
18:52 of 1st period - Shot Misses the Net.
19:47 of 1st period - Shot by Nazem Kadri.
19:47 of 1st period - Stopped by Darcy Kuemper without a rebound.
19:48 of 1st period - Anze Kopitar wins face-off versus Nick Schmaltz in EDMONTON zone.
Goals for this period are 0 for EDMONTON vs 1 for VANCOUVER.
Shots for this period are 5 for EDMONTON vs 6 for VANCOUVER.

2nd period


0:01 of 2nd period - Nazem Kadri wins face-off versus Anze Kopitar in neutral zone.
0:07 of 2nd period - Mark Stone is hit by Travis Hamonic and loses puck.
0:34 of 2nd period - Shot by Mark Stone.
0:34 of 2nd period - Deflect By Jonathan Huberdeau.
0:34 of 2nd period - Goal by Jonathan Huberdeau - EDMONTON : 0 - VANCOUVER : 2.
0:35 of 2nd period - Nick Schmaltz wins face-off versus Craig Smith in neutral zone.
0:46 of 2nd period - Shot by Nikolaj Ehlers.
0:46 of 2nd period - Deflect By Zach Parise.
0:46 of 2nd period - Shot Blocked by Derek Forbort.
0:48 of 2nd period - Shot by Sami Vatanen.
0:48 of 2nd period - Shot Misses the Net.
1:16 of 2nd period - Hampus Lindholm is hit by Barclay Goodrow.
2:28 of 2nd period - Shot by Melker Karlsson.
2:28 of 2nd period - Stopped by Darcy Kuemper with a rebound.
2:30 of 2nd period - Shot by Sheldon Dries.
2:30 of 2nd period - Deflect By Jakub Vrana.
2:30 of 2nd period - Shot Misses the Net.
3:45 of 2nd period - Off-side.
3:46 of 2nd period - Craig Smith wins face-off versus Nick Schmaltz in neutral zone.
4:07 of 2nd period - Shot by Craig Smith.
4:07 of 2nd period - Shot Misses the Net.
4:14 of 2nd period - Off-side.
4:15 of 2nd period - Kyle Palmieri wins face-off versus Sheldon Dries in neutral zone.
4:26 of 2nd period - Shot by Tyler Johnson.
4:26 of 2nd period - Stopped by Petr Mrazek without a rebound.
4:27 of 2nd period - Colin Wilson wins face-off versus Nazem Kadri in VANCOUVER zone.
5:00 of 2nd period - Shot by Nazem Kadri.
5:00 of 2nd period - Stopped by Darcy Kuemper without a rebound.
5:01 of 2nd period - Nick Schmaltz wins face-off versus Anze Kopitar in EDMONTON zone.
5:13 of 2nd period - Minor Penalty to Zach Parise for High sticking.
5:14 of 2nd period - Craig Smith wins face-off versus Mark Stone in VANCOUVER zone.
5:27 of 2nd period - Shot by Craig Smith.
5:27 of 2nd period - Goal by Craig Smith - EDMONTON : 1 - VANCOUVER : 2.
5:28 of 2nd period - Anze Kopitar wins face-off versus Nick Schmaltz in neutral zone.
5:37 of 2nd period - Shot by Bryan Rust.
5:37 of 2nd period - Shot Blocked by TJ Brodie.
6:04 of 2nd period - Shot by Nikolaj Ehlers.
6:04 of 2nd period - Deflect By Nick Schmaltz.
6:04 of 2nd period - Stopped by Darcy Kuemper without a rebound.
6:05 of 2nd period - Nazem Kadri wins face-off versus Craig Smith in EDMONTON zone.
6:08 of 2nd period - Shot by Mark Stone.
6:08 of 2nd period - Deflect By Nazem Kadri.
6:08 of 2nd period - Shot Misses the Net.
7:37 of 2nd period - Shot by Sami Vatanen.
7:37 of 2nd period - Stopped by Darcy Kuemper without a rebound.
7:38 of 2nd period - Nick Schmaltz wins face-off versus Tyler Johnson in EDMONTON zone.
7:48 of 2nd period - Minor Penalty to Nick Schmaltz for Hooking.
7:49 of 2nd period - Anze Kopitar wins face-off versus Mark Stone in VANCOUVER zone.
7:58 of 2nd period - Shot by Anze Kopitar.
7:58 of 2nd period - Stopped by Petr Mrazek without a rebound.
7:59 of 2nd period - Mark Stone wins face-off versus Jakub Voracek in VANCOUVER zone.
8:57 of 2nd period - Off-side.
8:58 of 2nd period - Craig Smith wins face-off versus Mark Stone in neutral zone.
8:58 of 2nd period - Craig Smith is hit by Jonathan Huberdeau.
9:56 of 2nd period - Off-side.
9:57 of 2nd period - Sheldon Dries wins face-off versus Anze Kopitar in neutral zone.
9:57 of 2nd period - Sheldon Dries is hit by Bryan Rust.
10:06 of 2nd period - Melker Karlsson is hit by Justin Holl and loses puck.
10:15 of 2nd period - Shot by Jakub Vrana.
10:15 of 2nd period - Shot Hit the Post.
10:17 of 2nd period - Shot by Sheldon Dries.
10:17 of 2nd period - Stopped by Darcy Kuemper without a rebound.
10:18 of 2nd period - Nick Schmaltz wins face-off versus Mathieu Perreault in EDMONTON zone.
10:23 of 2nd period - Shot by Nikolaj Ehlers.
10:23 of 2nd period - Stopped by Darcy Kuemper without a rebound.
10:24 of 2nd period - Mathieu Perreault wins face-off versus Nick Schmaltz in EDMONTON zone.
10:24 of 2nd period - Mathieu Perreault is hit by Zach Parise.
10:29 of 2nd period - Matt Roy is hit by Nikolaj Ehlers and loses puck.
10:38 of 2nd period - Shot by Josh Archibald.
10:38 of 2nd period - Stopped by Petr Mrazek without a rebound.
10:39 of 2nd period - Anze Kopitar wins face-off versus Jonathan Huberdeau in VANCOUVER zone.
11:19 of 2nd period - Shot by Jakub Voracek.
11:19 of 2nd period - Stopped by Petr Mrazek without a rebound.
11:20 of 2nd period - Zach Parise wins face-off versus David Perron in VANCOUVER zone.
11:44 of 2nd period - Icing by Zach Parise.
11:45 of 2nd period - Nick Schmaltz wins face-off versus Craig Smith in VANCOUVER zone.
12:48 of 2nd period - Shot by Anze Kopitar.
12:48 of 2nd period - Shot Misses the Net.
12:50 of 2nd period - Shot by Travis Hamonic.
12:50 of 2nd period - Shot Misses the Net.
12:52 of 2nd period - Shot by Travis Hamonic.
12:52 of 2nd period - Shot Misses the Net.
13:52 of 2nd period - Shot by Kyle Palmieri.
13:52 of 2nd period - Shot Misses the Net.
14:44 of 2nd period - Icing by Derek Forbort.
14:45 of 2nd period - Sheldon Dries wins face-off versus Mathieu Perreault in EDMONTON zone.
15:16 of 2nd period - Shot by Anze Kopitar.
15:16 of 2nd period - Deflect By Jakub Voracek.
15:16 of 2nd period - Goal by Jakub Voracek - EDMONTON : 2 - VANCOUVER : 2.
15:17 of 2nd period - Tyler Johnson wins face-off versus Nick Schmaltz in neutral zone.
15:31 of 2nd period - Shot by Tyler Johnson.
15:31 of 2nd period - Shot Misses the Net.
15:33 of 2nd period - Shot by Tyler Johnson.
15:33 of 2nd period - Stopped by Petr Mrazek with a rebound.
15:35 of 2nd period - Shot by Kyle Palmieri.
15:35 of 2nd period - Shot Misses the Net.
15:45 of 2nd period - Shot by Tyler Johnson.
15:45 of 2nd period - Stopped by Petr Mrazek without a rebound.
15:46 of 2nd period - Sheldon Dries wins face-off versus Anze Kopitar in VANCOUVER zone.
15:46 of 2nd period - Ryan Ellis is hit by Anze Kopitar.
16:16 of 2nd period - Shot by Bryan Rust.
16:16 of 2nd period - Stopped by Petr Mrazek without a rebound.
16:17 of 2nd period - Craig Smith wins face-off versus Nick Schmaltz in VANCOUVER zone.
16:44 of 2nd period - Shot by Craig Smith.
16:44 of 2nd period - Stopped by Petr Mrazek without a rebound.
16:45 of 2nd period - Sheldon Dries wins face-off versus Tyler Johnson in VANCOUVER zone.
17:20 of 2nd period - Shot by Sheldon Dries.
17:20 of 2nd period - Stopped by Darcy Kuemper without a rebound.
17:21 of 2nd period - Anze Kopitar wins face-off versus Nick Schmaltz in EDMONTON zone.
18:16 of 2nd period - Icing by Hampus Lindholm.
18:17 of 2nd period - Kyle Palmieri wins face-off versus Nick Schmaltz in VANCOUVER zone.
18:17 of 2nd period - Kyle Palmieri is hit by Hampus Lindholm.
18:24 of 2nd period - Off-side.
18:25 of 2nd period - Tyler Johnson wins face-off versus Jonathan Huberdeau in neutral zone.
18:44 of 2nd period - Shot by Kyle Palmieri.
18:44 of 2nd period - Shot Misses the Net.
19:18 of 2nd period - Shot by Barclay Goodrow.
19:18 of 2nd period - Stopped by Petr Mrazek with a rebound.
19:24 of 2nd period - Shot by Colin Miller.
19:24 of 2nd period - Shot Misses the Net.
19:26 of 2nd period - Shot by Barclay Goodrow.
19:26 of 2nd period - Stopped by Petr Mrazek without a rebound.
19:27 of 2nd period - Anze Kopitar wins face-off versus Sheldon Dries in VANCOUVER zone.
19:28 of 2nd period - Shot by Jakub Voracek.
19:28 of 2nd period - Stopped by Petr Mrazek without a rebound.
19:29 of 2nd period - Sheldon Dries wins face-off versus Anze Kopitar in VANCOUVER zone.
Goals for this period are 2 for EDMONTON vs 1 for VANCOUVER.
Shots for this period are 13 for EDMONTON vs 8 for VANCOUVER.

3rd period


0:01 of 3rd period - Nazem Kadri wins face-off versus Anze Kopitar in neutral zone.
0:06 of 3rd period - Shot by Mark Stone.
0:06 of 3rd period - Shot Misses the Net.
0:11 of 3rd period - Jakub Voracek is hit by Nazem Kadri and loses puck.
0:21 of 3rd period - Minor Penalty to Ryan Ellis for High sticking.
0:22 of 3rd period - Mark Stone wins face-off versus Craig Smith in VANCOUVER zone.
0:22 of 3rd period - Mark Stone is hit by Kyle Palmieri.
0:42 of 3rd period - Shot by David Perron.
0:42 of 3rd period - Stopped by Petr Mrazek without a rebound.
0:43 of 3rd period - Anze Kopitar wins face-off versus Mark Stone in VANCOUVER zone.
0:46 of 3rd period - Shot by Bryan Rust.
0:46 of 3rd period - Shot Misses the Net.
0:48 of 3rd period - Shot by Travis Hamonic.
0:48 of 3rd period - Stopped by Petr Mrazek without a rebound.
0:49 of 3rd period - Anze Kopitar wins face-off versus Mark Stone in VANCOUVER zone.
1:16 of 3rd period - Shot by Bryan Rust.
1:16 of 3rd period - Shot Blocked by Sami Vatanen.
1:16 of 3rd period - Sami Vatanen from VANCOUVER is injured at 1:16 of 3rd period (Strained Left Elbow).
1:17 of 3rd period - Craig Smith wins face-off versus Mark Stone in VANCOUVER zone.
1:38 of 3rd period - Shot by Derek Forbort.
1:38 of 3rd period - Shot Misses the Net.
2:13 of 3rd period - Icing by Jason Demers.
2:14 of 3rd period - Zach Parise wins face-off versus Anze Kopitar in EDMONTON zone.
2:37 of 3rd period - Shot by Colin Wilson.
2:37 of 3rd period - Shot Misses the Net.
2:43 of 3rd period - Colin Miller is hit by Sheldon Dries.
2:52 of 3rd period - Off-side.
2:53 of 3rd period - Anze Kopitar wins face-off versus Nick Schmaltz in neutral zone.
2:57 of 3rd period - Off-side.
2:58 of 3rd period - Zach Parise wins face-off versus Tyler Johnson in neutral zone.
3:17 of 3rd period - Shot by Zach Parise.
3:17 of 3rd period - Stopped by Darcy Kuemper without a rebound.
3:18 of 3rd period - Anze Kopitar wins face-off versus Nazem Kadri in EDMONTON zone.
3:41 of 3rd period - Icing by Anze Kopitar.
3:42 of 3rd period - Nick Schmaltz wins face-off versus Anze Kopitar in EDMONTON zone.
3:42 of 3rd period - Erik Johnson is hit by Derek Forbort and loses puck.
3:51 of 3rd period - Shot by Anze Kopitar.
3:51 of 3rd period - Shot Misses the Net.
3:53 of 3rd period - Shot by Anze Kopitar.
3:53 of 3rd period - Stopped by Petr Mrazek without a rebound.
3:54 of 3rd period - Barclay Goodrow wins face-off versus Mark Stone in VANCOUVER zone.
4:00 of 3rd period - Minor Penalty to Barclay Goodrow for Charging.
4:01 of 3rd period - Anze Kopitar wins face-off versus Nazem Kadri in EDMONTON zone.
4:12 of 3rd period - Shot by Nazem Kadri.
4:12 of 3rd period - Shot Blocked by Travis Hamonic.
4:14 of 3rd period - Shot by Nazem Kadri.
4:14 of 3rd period - Goal by Nazem Kadri - EDMONTON : 2 - VANCOUVER : 3.
4:15 of 3rd period - Nick Schmaltz wins face-off versus Tyler Johnson in neutral zone.
4:32 of 3rd period - Kyle Palmieri is hit by Luca Sbisa and loses puck.
4:43 of 3rd period - Shot by Zach Parise.
4:43 of 3rd period - Shot Blocked by Derek Forbort.
4:45 of 3rd period - Shot by Luca Sbisa.
4:45 of 3rd period - Shot Misses the Net.
4:47 of 3rd period - Shot by Nick Schmaltz.
4:47 of 3rd period - Stopped by Darcy Kuemper without a rebound.
4:48 of 3rd period - Craig Smith wins face-off versus Nazem Kadri in EDMONTON zone.
5:37 of 3rd period - Icing by Travis Hamonic.
5:38 of 3rd period - Jakub Vrana wins face-off versus Craig Smith in EDMONTON zone.
6:18 of 3rd period - Shot by Jakub Vrana.
6:18 of 3rd period - Deflect By Sheldon Dries.
6:18 of 3rd period - Stopped by Darcy Kuemper without a rebound.
6:19 of 3rd period - Tyler Johnson wins face-off versus Nick Schmaltz in EDMONTON zone.
6:25 of 3rd period - Off-side.
6:26 of 3rd period - Nazem Kadri wins face-off versus Tyler Johnson in neutral zone.
7:03 of 3rd period - Jonathan Huberdeau is hit by Matt Roy and loses puck.
8:09 of 3rd period - Justin Holl is hit by Nikolaj Ehlers and loses puck.
8:15 of 3rd period - Minor Penalty to Luca Sbisa for High sticking.
8:16 of 3rd period - Craig Smith wins face-off versus Mark Stone in VANCOUVER zone.
8:23 of 3rd period - Shot by David Perron.
8:23 of 3rd period - Goal by David Perron - EDMONTON : 3 - VANCOUVER : 3.
8:24 of 3rd period - Sheldon Dries wins face-off versus Mathieu Perreault in neutral zone.
8:24 of 3rd period - Sheldon Dries is hit by Josh Archibald.
8:27 of 3rd period - Hampus Lindholm is hit by Colin Miller and loses puck.
8:55 of 3rd period - Shot by Josh Archibald.
8:55 of 3rd period - Stopped by Petr Mrazek without a rebound.
8:56 of 3rd period - Anze Kopitar wins face-off versus Nazem Kadri in VANCOUVER zone.
9:31 of 3rd period - Shot by Jonathan Huberdeau.
9:31 of 3rd period - Shot Misses the Net.
10:09 of 3rd period - Nick Schmaltz is hit by Bryan Rust and loses puck.
11:47 of 3rd period - Shot by Mark Stone.
11:47 of 3rd period - Shot Misses the Net.
12:14 of 3rd period - Icing by Colin Miller.
12:15 of 3rd period - Darren Helm wins face-off versus Alex Steen in EDMONTON zone.
12:20 of 3rd period - Shot by Darren Helm.
12:20 of 3rd period - Stopped by Petr Mrazek with a rebound.
12:42 of 3rd period - Shot by Alex Steen.
12:42 of 3rd period - Shot Hit the Post.
12:44 of 3rd period - Shot by Alex Steen.
12:44 of 3rd period - Stopped by Darcy Kuemper without a rebound.
12:45 of 3rd period - Nick Schmaltz wins face-off versus David Perron in EDMONTON zone.
12:57 of 3rd period - Tyler Johnson is hit by Erik Johnson and loses puck.
13:00 of 3rd period - Shot by Tyler Johnson.
13:00 of 3rd period - Stopped by Petr Mrazek without a rebound.
13:01 of 3rd period - Mathieu Perreault wins face-off versus Sheldon Dries in VANCOUVER zone.
13:08 of 3rd period - Shot by Colin Wilson.
13:08 of 3rd period - Deflect By Mathieu Perreault.
13:08 of 3rd period - Shot Misses the Net.
13:16 of 3rd period - Shot by Josh Archibald.
13:16 of 3rd period - Shot Blocked by Melker Karlsson.
13:46 of 3rd period - Icing by TJ Brodie.
13:47 of 3rd period - Tyler Johnson wins face-off versus Sheldon Dries in VANCOUVER zone.
13:47 of 3rd period - David Perron is hit by Hampus Lindholm.
13:51 of 3rd period - Shot by Kyle Palmieri.
13:51 of 3rd period - Shot Misses the Net.
14:46 of 3rd period - Ryan Ellis is hit by Barclay Goodrow and loses puck.
15:05 of 3rd period - Erik Johnson is hit by Jason Demers and loses puck.
15:21 of 3rd period - Nikolaj Ehlers is hit by Jason Demers and loses puck.
15:50 of 3rd period - Shot by Nikolaj Ehlers.
15:50 of 3rd period - Shot Misses the Net.
15:52 of 3rd period - Shot by Nikolaj Ehlers.
15:52 of 3rd period - Stopped by Darcy Kuemper with a rebound.
15:54 of 3rd period - Shot by Alex Steen.
15:54 of 3rd period - Shot Misses the Net.
16:28 of 3rd period - Shot by Trevor Moore.
16:28 of 3rd period - Shot Misses the Net.
16:31 of 3rd period - Icing by Derek Forbort.
16:32 of 3rd period - Anze Kopitar wins face-off versus Nazem Kadri in EDMONTON zone.
16:46 of 3rd period - Off-side.
16:47 of 3rd period - Nick Schmaltz wins face-off versus Tyler Johnson in neutral zone.
18:21 of 3rd period - Shot by Mark Stone.
18:21 of 3rd period - Shot Blocked by Derek Forbort.
19:12 of 3rd period - Zach Parise is hit by Jakub Voracek and loses puck.
Goals for this period are 1 for EDMONTON vs 1 for VANCOUVER.
Shots for this period are 7 for EDMONTON vs 6 for VANCOUVER.

Overtime #1


0:01 of 1st overtime period - Alex Steen wins face-off versus Anze Kopitar in neutral zone.
0:37 of 1st overtime period - Shot by Darren Helm.
0:37 of 1st overtime period - Stopped by Petr Mrazek without a rebound.
0:38 of 1st overtime period - Anze Kopitar wins face-off versus Alex Steen in VANCOUVER zone.
1:23 of 1st overtime period - Off-side.
1:24 of 1st overtime period - Sheldon Dries wins face-off versus Mathieu Perreault in neutral zone.
1:29 of 1st overtime period - Shot by Sheldon Dries.
1:29 of 1st overtime period - Shot Misses the Net.
1:41 of 1st overtime period - Shot by Sheldon Dries.
1:41 of 1st overtime period - Goal by Sheldon Dries - EDMONTON : 3 - VANCOUVER : 4.
Goals for this period are 0 for EDMONTON vs 1 for VANCOUVER.
Shots for this period are 1 for EDMONTON vs 1 for VANCOUVER.